 Dungeon Crawl Stone Soup version 0.17-a0-1923-gc35365e (webtiles) character file.

522 hexophile the Chopper (level 7, -9/57 HPs)
             Began as a Centaur Berserker on Sept 28, 2015.
             Was a Priest of Trog.
             Killed from afar by an orc wizard (13 damage)
             ... with a wand of fire
             ... on level 4 of the Dungeon.
             The game lasted 00:04:45 (4718 turns).

hexophile the Chopper (Centaur Berserker)           Turns: 4718, Time: 00:04:45

Health: -9/57      AC:  5    Str: 20    XL:     7   Next: 2%
Magic:  7/7        EV:  8    Int:  6    God:    Trog [***...]
Gold:   164        SH:  0    Dex: 10    Spells: 0 memorised, 6 levels left

rFire  . . .     SeeInvis .     a - +0 hand axe
rCold  . . .     Clarity  .     k - +0 ring mail
rNeg   . . .     SustAt   .     (no shield)
rPois  .         Gourm    .     (no helmet)
rElec  .         Spirit   .     (no cloak)
rCorr  .         Warding  .     (no gloves)
rMut   .         Stasis   .     (no barding)
MR     ++...                    (no amulet)
Stlth  ..........               (no ring)
                                (no ring)

@: regenerating, very quick, very resistant to hostile enchantments, extremely
unstealthy
A: hooves 3, deformed body, speed 2, tough skin 3
a: Burn Spellbooks, Berserk, Trog's Hand, Renounce Religion


You were on level 4 of the Dungeon.
You worshipped Trog.
Trog was most pleased with you.
You were not hungry.

You visited 1 branch of the dungeon, and saw 4 of its levels.

You collected 164 gold pieces.


Innate Abilities, Weirdness & Mutations

You have hooves in place of feet.
Armour fits poorly on your strangely shaped body.
You cover ground very quickly.
You have extremely tough skin (AC +3).

Inventory:

Hand weapons
 a - a +0 hand axe (weapon)
Armour
 b - a +0 animal skin
 k - a +0 ring mail (worn)
Scrolls
 c - a scroll of blinking {unknown}
 e - 2 scrolls of remove curse
 g - 2 scrolls of identify
 i - a scroll of enchant armour {unknown}
 l - a scroll of noise {unknown}
 m - 3 scrolls of teleportation
Potions
 f - a potion of lignification {unknown}
 h - a potion of mutation {unknown}
 j - a potion of might {unknown}
Comestibles
 n - a bread ration


You had 6 spell levels left.
You didn't know any spells.


   Skills:
 - Level 3.0 Fighting
 + Level 7.3 Axes
 - Level 1.3 Armour
 - Level 1.3 Dodging

Dungeon Overview and Level Annotations

Branches:
Dungeon (4/15)
 Temple: D:4-7

Altars:
Ashenzari
Dithmenos
Elyvilon
Nemelex Xobeh
Ru
Sif Muna

Vault maps used:
D:1:      minmay_arrival_split_and_join, st_stairs_2
D:2:      forest_paths, grunt_temple_overflow_diamond
D:3:      minitemple, evilmike_ruin_ashenzari
D:4:      elyvilon_altar_4

Vault maps used:
D:1:      minmay_arrival_split_and_join, st_stairs_2
D:2:      forest_paths, grunt_temple_overflow_diamond
D:3:      minitemple, evilmike_ruin_ashenzari
D:4:      elyvilon_altar_4
You       could see an orc wizard.


Message History

The hound bites you.
You closely miss the hound. The hound closely misses you.
You hit the hound but do no damage. You kick the hound. The hound bites you.
You miss the hound. The hound barely misses you. The hound barely misses you.
You hit the hound but do no damage. The hound bites you.
You closely miss the hound. Your kick misses the hound. The hound bites you.
The hound bites you but does no damage.
You hit the hound. You kick the hound. The hound bites you but does no damage.
You barely miss the hound. You kick the hound. The hound closely misses you.
The hound closely misses you.
You slash the hound!
You kill the hound!
Trog accepts your kill.
You have reached level 7!
Key pressed, stopping explore.
No target in view!
Found an escape hatch in the ceiling.
No target in view!
You now have 153 gold pieces (gained 9).
You open the door.
There is an open door here.
You enter a teleport trap!
The teleport trap disappears.
Your surroundings suddenly seem different.
There is an open door here.
Eating one of 2 chunks of flesh.
You continue eating. x2
Found a stone staircase leading up.
There is an open door here.
You open the door.
There is an open door here.
You now have 164 gold pieces (gained 11).
As you open the large door, it creaks loudly!
There is a large open door here.
There is a large open door here.
You open the door.
There is an open door here.
All of the chunks of flesh in your inventory have rotted away.
Key pressed, stopping explore.
Found a stone staircase leading up.
You see here a leather armour.
Key pressed, stopping explore.
There is an open door here.
There is a stone staircase leading down here.
There is an open door here.
There is an escape hatch in the floor here.
A giant gecko skeleton comes into view.
A giant gecko skeleton is nearby!
An orc comes into view. It is wielding a short sword.
You barely miss the giant gecko skeleton.
The orc shouts!
The giant gecko skeleton closely misses you.
You hit the giant gecko skeleton. The giant gecko skeleton bites you.
You hit the giant gecko skeleton.
You destroy the giant gecko skeleton!
The orc hits you but does no damage.
An orc comes into view. It is wielding a club.
The orc shouts!
You hit the orc. The orc hits you with a short sword.
You closely miss the orc. Your kick misses the orc.
The orc hits you with a short sword.
You slash the orc!
You kill the orc!
Trog accepts your kill.
You hit the orc. Your kick misses the orc. The orc hits you but does no damage.
You completely miss the orc. Your kick misses the orc.
The orc hits you with a club.
You hit the orc.
You kill the orc!
Trog accepts your kill.
No target in view!
No target in view!
An orc comes into view. It is wielding a trident.
The orc shouts!
An orc is nearby!
An orc is nearby!
An orc wizard comes into view. It is wielding a dagger of venom.
The orc wizard shouts!
The orc barely misses you.
You hit the orc. The orc hits you with a trident.
You barely miss the orc.
The orc wizard mumbles some strange words.
The orc wizard seems to speed up.
The orc closely misses you.
You hit the orc. You hit the orc but do no damage. You kick the orc.
The orc wizard zaps a wand.
The bolt of fire hits the orc.
The orc dies!
The bolt of fire hits you!
It is a wand of fire.
The orc wizard zaps a wand.
The bolt of fire hits you!
The orc wizard zaps a wand.
The bolt of fire hits you!
* * * LOW HITPOINT WARNING * * *
You see here a trident.
The orc wizard gestures at you while chanting.
The magic dart hits you!
* * * LOW HITPOINT WARNING * * *
You are too injured to fight recklessly!
Your skin crawls.
You feel resistant to hostile enchantments.
You feel slightly more hungry.
The orc wizard zaps a wand.
The bolt of fire hits you!
You die...

Action                   |  1- 3 |  4- 6 |  7- 9 || total
-------------------------+-------+-------+-------++-------
Melee: Hand axe          |   141 |   206 |    13 ||   360
Invok: Berserk           |     2 |     3 |       ||     5
       Trog's Hand       |       |     4 |     1 ||     5
  Use: Scroll            |     2 |     3 |       ||     5
  Eat: Chunk             |     2 |     8 |     1 ||    11
       Bread ration      |     1 |       |       ||     1

Notes
Turn   | Place    | Note
--------------------------------------------------------------
     0 | D:1      | hexophile the Centaur Berserker began the quest for the Orb.
     0 | D:1      | Reached XP level 1. HP: 19/19 MP: 1/1
   267 | D:1      | Reached XP level 2. HP: 26/26 MP: 2/2
   572 | D:1      | Acquired Trog's second power
  1128 | D:2      | Reached XP level 3. HP: 31/31 MP: 3/3
  1152 | D:2      | Reached skill level 4 in Axes
  1220 | D:2      | Found a deep blue altar of Sif Muna.
  1223 | D:2      | Found a sacrificial altar of Ru.
  1226 | D:2      | Found a shattered altar of Ashenzari.
  1649 | D:2      | Reached XP level 4. HP: 28/38 MP: 4/4
  2317 | D:3      | Found a shattered altar of Ashenzari.
  2337 | D:3      | Reached skill level 5 in Axes
  2612 | D:3      | Reached XP level 5. HP: 33/45 MP: 5/5
  3378 | D:3      | Found a shadowy altar of Dithmenos.
  3380 | D:3      | Found a sparkling altar of Nemelex Xobeh.
  3591 | D:4      | Reached skill level 6 in Axes
  3704 | D:4      | Noticed Nico3ck's ghost (average NaWz)
  3717 | D:4      | Reached XP level 6. HP: 51/51 MP: 6/6
  3795 | D:4      | Killed Nico3ck's ghost
  3795 | D:4      | Reached skill level 7 in Axes
  3834 | D:4      | Found a white marble altar of Elyvilon.
  4355 | D:4      | Reached XP level 7. HP: 48/57 MP: 7/7
  4715 | D:4      | HP: 4/57 [orc wizard/wand of fire (18)]
  4718 | D:4      | Killed from afar by an orc wizard

Table legend:
 A = Turns spent in this place as a percentage of turns spent in the entire game.
 B = Non-inter-level travel turns spent in this place as a percentage of non-inter-level travel turns spent in the entire game.
 C = Inter-level travel turns spent in this place as a percentage of turns spent in this place.
 D = Turns resting spent in this place as a percentage of non-inter-level travel turns spent in this place.
 E = Turns spent auto-exploring this place as a percentage of non-inter-level travel turns spent in this place.
 F = Non-inter-level travel turns spent in this place divided by the number of levels of this place that you've seen.
                   A       B       C       D       E      F
               +-------+-------+-------+-------+-------+----------------------
         Total | 100.0 | 100.0 |   0.3 |   4.9 |  11.2 | 319.8
       Dungeon | 100.0 | 100.0 |   0.3 |   4.9 |  11.2 | 319.8
               +-------+-------+-------+-------+-------+----------------------

Table legend:
 A = Kills in this place as a percentage of kills in entire the game.
 B = Kills by you in this place as a percentage of kills by you in the entire game.
 C = Kills by friends in this place as a percentage of kills by friends in the entire game.
 D = Other kills in this place as a percentage of other kills in the entire game.
 E = Experience gained in this place as a percentage of experience gained in the entire game.
 F = Experience gained in this place divided by the number of levels of this place that you have seen.
                   A       B       C       D       E      F
               +-------+-------+-------+-------+-------+----------------------
         Total | 100.0 | 100.0 |  -nan | 100.0 | 100.0 | 186.8
       Dungeon | 100.0 | 100.0 |  -nan | 100.0 | 100.0 | 186.8
               +-------+-------+-------+-------+-------+----------------------

Vanquished Creatures
  The ghost of Nico3ck the Conjurer, an average NaWz (D:4)
  2 hounds (D:4)
  An orc wizard (D:3)
  A worker ant (D:4)
  3 gnolls (D:3)
  8 adders
  An ooze (D:2)
  4 worms
  3 giant geckos
  5 orcs
  5 giant cockroaches
  9 goblins
  10 hobgoblins
  11 jackals
  8 kobolds
  3 quokkas
  6 bats
  A giant gecko skeleton (D:4)
  5 giant newts
  12 rats
99 creatures vanquished.

Vanquished Creatures (others)
  An orc (D:4)
1 creature vanquished.

Grand Total: 100 creatures vanquished
